 Dungeon Crawl Stone Soup version 0.32-a0-699-g1ee5eff69a (webtiles) character file.

Game seed: 15212286625669208144

595 growler the Vexing (level 7, -1/36 HPs)
             Began as a Vampire Enchanter on Mar 13, 2024.
             Slain by an orc wizard
             ... wielding a +0 dagger
              (2 damage)
             ... on level 5 of the Dungeon.
             The game lasted 00:15:00 (4618 turns).

growler the Vexing (Vampire Enchanter)              Turns: 4618, Time: 00:15:00

Health: -1/36      AC:  2    Str:  7    XL:     7   Next: 17%
Magic:  0/12       EV: 12    Int: 19    God:
Gold:   224        SH:  0    Dex: 15    Spells: 5/13 levels left

rFire   . . .        a - +3 dagger (venom)
rCold   + + .        s - orb {guile}
rNeg    + + +        b - +0 robe
rPois   ∞            (no helmet)
rElec   .            (no cloak)
rCorr   .            (no gloves)
SInv    +            (no boots)
Will    .....        (no amulet)
Stlth   +++++        (no ring)
HPRegen 0.00/turn    (no ring)
MPRegen 0.13/turn

%: no passive effects
@: bloodless, inhibited regen
A: bloodless, fangs 3, see invisible, vampiric 2
a: Bat Form, Revivify


You were on level 5 of the Dungeon.
You visited 1 branch of the dungeon, and saw 5 of its levels.

You collected 224 gold pieces.

Inventory:

Hand Weapons
 a - a +3 dagger of venom (weapon)
Armour
 b - a +0 robe (worn)
 s - an orb of guile (worn)
Jewellery
 j - a ring of fire
Scrolls
 d - a scroll of fear {unknown}
 f - a scroll of teleportation
 g - 3 scrolls of blinking
 l - a scroll of revelation {unknown}
 r - a scroll of silence
 t - a scroll of amnesia {unknown}
Potions
 c - 4 potions of invisibility
 e - a potion of lignification
 i - a potion of berserk rage
 k - 2 potions of curing {unknown}
 n - a potion of mutation
 o - a potion of attraction
 p - 3 potions of brilliance
 q - a potion of might {unknown}
 u - 2 potions of resistance {unknown}


   Skills:
 + Level 5.1 Short Blades
 + Level 3.2 Dodging
 - Level 6.0 Stealth
 + Level 3.5 Spellcasting
 - Level 7.0 Hexes


You had 5 spell levels left.
You knew the following spells:

 Your Spells              Type           Power      Damage    Failure   Level
a - Confusing Touch       Hex            30%        N/A       2%          3
b - Ensorcelled Hibernat  Hex/Ice        32%        N/A       5%          2
c - Tukima's Dance        Hex            30%        N/A       2%          3

Your spell library contained the following spells:

 Spells                   Type           Power      Damage    Failure   Level
 Dazzling Flash           Conj/Hex       32%        N/A       11%         3
 Summon Ice Beast         Ice/Summ       3%         N/A       41%         3
 Summon Mana Viper        Hex/Summ       16%        N/A       67%         5
 Monstrous Menagerie      Summ           1%         N/A       100%        7


Dungeon Overview and Level Annotations

Branches:
Dungeon (5/15)
 Temple: D:4-7

Altars:
Ashenzari
Kikubaaqudgha

Annotations:
D:5 1 runed translucent door, BeKind's ghost, novice OpIE


Innate Abilities, Weirdness & Mutations

You do not regenerate when monsters are visible.
You are frail without blood (-20% HP).
You can heal yourself when you bite living creatures.
You are immune to poison.
You have razor-sharp teeth.
You have supernaturally acute eyesight. (SInv)
You are afflicted with vampirism and can become a bat while bloodless.


Message History

The orc wizard casts a spell at you.
The orc wizard shouts!
The orc wizard resists with some effort.
You closely miss the orc wizard. The orc wizard barely misses you.
The orc wizard casts a spell at you.
The orc wizard resists with some effort.
Casting: Ensorcelled Hibernation (safe; 5% risk of failure)
Confirm with . or Enter, or press ? or * to list all spells.
Aiming: Ensorcelled Hibernation (safe; 5% risk of failure)
Press: ? - help, Shift-Dir - straight line, f/p - orc wizard
Aim: an orc wizard, wielding a +0 dagger and wearing a +0 robe (slightly transparent, not susceptible)
The orc wizard is unaffected.
You kill the orc wizard!
The orc barely misses you. The orc wizard closely misses you.
You hit the orc wizard.
The orc wizard is moderately wounded.
The orc barely misses you. The orc wizard closely misses you.
You closely miss the orc wizard.
The orc wizard is moderately wounded.
The orc closely misses you. The orc wizard closely misses you.
You hit the orc wizard.
The orc wizard is poisoned.
You bite the orc wizard.
You draw the orc wizard's blood!
You feel better.
The orc wizard is heavily wounded.
The orc hits you with a +3 falchion!
* * * LOW HITPOINT WARNING * * *
Casting: Ensorcelled Hibernation (safe; 5% risk of failure)
Confirm with . or Enter, or press ? or * to list all spells.
Aiming: Ensorcelled Hibernation (safe; 5% risk of failure)
Press: ? - help, Shift-Dir - straight line, f/p - orc wizard
Aim: an orc wizard, wielding a +0 dagger and wearing a +0 robe (heavily wounded, slightly transparent, very poisoned, not susceptible)
The orc wizard is unaffected.
The orc wizard hits you with a +0 dagger.
* * * LOW HITPOINT WARNING * * *
The orc misses you.
You hit the orc wizard.
The orc wizard looks as sick as possible!
Your bite misses the orc wizard.
The orc wizard is severely wounded.
The orc wizard hits you with a +0 dagger.
You die...

..#.#.........# #....+
#.###....#######+# #....# ..#
#....'.).....+ #....# _.#
#....#.......# #....# ..#
#....###.##.## ######....#
#.#..#######.##.#####+#..........
..#.. #...........#[.........
#### #.....o.)...#.......... ...#
#.....@o....)........). ...#
##..#######.#..........
.############'####.##.##########.
.#............#.........# .
.'............#.........# .
.#............#.........#
##..##..##..####..>##...#
##..##..##..####.>.######
#...##..##....)....#


You could see an orc wizard (invisible, extremely poisoned) and an orc.

Vanquished Creatures
  A phantom (D:5)
  A bullfrog (D:5)
  A scorpion (D:4)
  2 hounds
  2 iguanas
  3 orc wizards (D:5)
  A sleepcap (D:4)
  A mummy (D:4)
  8 adders
  A white imp (D:5)
  A ribbon worm (D:2)
  A dart slug (D:1)
  10 orcs
  8 ball pythons
  5 bats
  7 endoplasms
  4 giant cockroaches
  3 goblins
  10 hobgoblins
  3 jackals (D:4)
  7 kobolds
  6 quokkas
  A frilled lizard (D:1)
  A hobgoblin zombie (D:4)
  2 kobold zombies (D:4)
  An orc zombie (D:4)
  15 rats
106 creatures vanquished.

Notes
Turn   | Place    | Note
-------+----------+-------------------------------------------
     0 | D:1      | growler the Vampire Enchanter began the quest for the Orb.
     0 | D:1      | Reached XP level 1. HP: 13/13 MP: 3/3
   276 | D:1      | You fall into a shaft and drop 1 floor!
   369 | D:1      | Reached XP level 2. HP: 19/19 MP: 5/5
   574 | D:1      | Reached skill level 5 in Stealth
   580 | D:1      | Gained mutation: You are afflicted with vampirism and can
                  | become a bat while bloodless. [Vampire growth]
   580 | D:1      | Reached XP level 3. HP: 22/24 MP: 6/6
   591 | D:1      | Reached skill level 5 in Hexes
   620 | D:1      | Learned a level 3 spell: Confusing Touch
   623 | D:1      | Learned a level 2 spell: Ensorcelled Hibernation
   631 | D:1      | Found a faded altar of an unknown god.
  1785 | D:2      | Reached XP level 4. HP: 24/24 MP: 7/7
  2029 | D:3      | Found an ancient bone altar of Kikubaaqudgha.
  2139 | D:3      | Found a glowing drain.
  3127 | D:4      | Noticed a scorpion
  3148 | D:4      | Killed a scorpion
  3149 | D:4      | Reached XP level 5. HP: 15/28 MP: 4/9
  3224 | D:4      | Learned a level 3 spell: Tukima's Dance
  3243 | D:4      | Reached skill level 6 in Hexes
  3611 | D:4      | Reached XP level 6. HP: 32/32 MP: 10/10
  4076 | D:5      | Entered Level 5 of the Dungeon
  4079 | D:5      | Reached skill level 7 in Hexes
  4286 | D:5      | Found a runed translucent door.
  4298 | D:5      | Noticed BeKind's ghost (novice OpIE)
  4425 | D:5      | Reached skill level 5 in Short Blades
  4425 | D:5      | Reached XP level 7. HP: 36/36 MP: 7/12
  4515 | D:5      | Found a broken altar of Ashenzari.
  4617 | D:5      | HP: 1/36 [orc wizard/+0 dagger (1)]
  4618 | D:5      | Slain by an orc wizard

Illustrated notes

Levels and vault maps discovered:
D:1:      amcnicky_arrival_gap_in_the_tavern_cellar, layout_loops_corners,
          chequers_ecumenical_altar_island, serial_aquarium,
          aquarium_bridge_square [aquarium_subvault_wall,
          aquarium_subvault_wall, aquarium_subvault_bridge,
          aquarium_subvault_wall], aquarium_bridge_square
          [aquarium_subvault_wall, aquarium_subvault_bridge,
          aquarium_subvault_bridge, aquarium_subvault_wall],
          aquarium_window_corner, aquarium_window_fake, aquarium_window_corner,
          aquarium_view_2e, aquarium_pool_side, st_stairs_14
D:2:      layout_loops_corners, nicolae_eternal_life
D:3:      layout_basic, kiku_gazebo_garden_becter, elyvilon_altar_3,
          portal_sewer_entry_f, minmay_misc_feat_iff
D:4:      layout_loops_cross, minmay_mini_ossuary
D:5:      layout_gridville, mainiacjoe_overflow_alcove_4, ebering_ghost_sewer_d,
          kennysheep_potato

Skill      XL: |  1  2  3  4  5  6  7 |
---------------+----------------------+-----
Stealth        | 5 6 |  6.0
Hexes          | 5 6 7 |  7.0
Short Blades   | 2 3 5 |  5.1
Spellcasting   | 3 |  3.5
Dodging        | 3 |  3.2

Action                     |  1- 3 |  4- 6 |  7- 9 || total
---------------------------+-------+-------+-------++-------
  Melee: Dagger            |   102 |   163 |    17 ||   282
         Bite              |     5 |    21 |     2 ||    28
   Cast: Ensorcelled Hiber |       |    23 |     7 ||    30
         Confusing Touch   |       |     6 |       ||     6
Ability: Exsanguinate      |     1 |       |       ||     1
    Use: Scroll            |       |    12 |       ||    12
   Stab: Sleeping          |    18 |    29 |     1 ||    48
         Confused          |       |     4 |       ||     4
 Armour: Robe              |    41 |    65 |    14 ||   120
  Dodge: Dodged            |    52 |    80 |    15 ||   147

Table legend: (Time is in decaauts)
 A = Elapsed time spent in this place.
 B = Non-inter-level travel time spent in this place.
 C = Inter-level travel time spent in this place.
 D = Time resting spent in this place.
 E = Time spent auto-exploring this place.
 F = Levels seen in this place.
 G = Mean time per level.
                   A        B        C        D        E       F      G
               +--------+--------+--------+--------+--------+-----+--------+
         Total |   4580 |   4522 |     58 |    124 |   3515 |   5 |  916.0 |
       Dungeon |   4580 |   4522 |     58 |    124 |   3515 |   5 |  916.0 |
               +--------+--------+--------+--------+--------+-----+--------+

Top non-repeatable levels by time:
     D:3: 1183 daAuts
     D:1: 1003 daAuts
     D:4: 947 daAuts
     D:2: 916 daAuts
     D:5: 530 daAuts
